 Dungeon Crawl Stone Soup version 0.28.0-49-g6dfe1f597d (webtiles) character file.

Game seed: 2761158549367042203

4055 pkoi the Martial Artist (level 9, -3/71 HPs)
             Began as a Demigod Gladiator on May 11, 2022.
             Slain by an acid dragon (8 damage)
             ... on level 9 of the Dungeon.
             The game lasted 00:19:35 (14077 turns).

pkoi the Martial Artist (Demigod Gladiator)        Turns: 14077, Time: 00:19:38

Health: -3/71      AC: 19    Str: 18 (19) XL:     9   Next: 75%
Magic:  13/13      EV:  7    Int: 19 (22) God:
Gold:   329        SH:  6    Dex: 19 (21) Spells: 2/10 levels left

rFire   . . .      SeeInvis .     - Unarmed
rCold   . . .      Faith    .   l - +0 buckler
rNeg    . . .      Spirit   .   s - +0 plate armour
rPois   .          Reflect  .   b - +0 helmet
rElec   .          Harm     .   u - +5 cloak of Negation {*Corrode Str+4}
rCorr   +          Rampage  .   x - +0 pair of gloves
Will    .....                   D - +1 pair of boots
Stlth   ..........              r - amulet of the acrobat
HPRegen 0.21/turn               w - ring of resist corrosion
MPRegen 0.13/turn               G - +6 ring of dexterity

@: corroded, slowed, very slow
A: high MP 1, forlorn, divine attributes
a: no special abilities


You were on level 9 of the Dungeon.
You visited 1 branch of the dungeon, and saw 9 of its levels.
You also visited: Sewer.

You collected 529 gold pieces.
You spent 200 gold pieces at shops.

Inventory:

Hand Weapons
 d - a +0 club
 f - a +1 dagger of holy wrath
 g - a +0 dagger
 j - a +0 scimitar
 t - a +1 mace of protection
Missiles
 c - 3 throwing nets
 h - 12 poisoned darts (quivered)
Armour
 a - a +0 leather armour
 b - a +0 helmet (worn)
 i - a +0 ring mail
 l - a +0 buckler (worn)
 m - a +2 cloak
 s - a +0 plate armour (worn)
 u - the +5 cloak of Negation (worn) {*Corrode Str+4}
   (You found it on level 4 of the Dungeon)

   Str:       It affects your strength (+4).
   *Corrode:  It may corrode you when you take damage.
 x - a +0 pair of gloves (worn)
 D - a +1 pair of boots (worn)
Magical Staves
 p - a staff of air
Jewellery
 k - a ring of ice
 r - an amulet of the acrobat (around neck)
 w - a ring of resist corrosion (left hand)
 G - a +6 ring of dexterity (right hand)
Wands
 e - a wand of flame (17)
 E - a wand of mindburst (13)
 J - a wand of polymorph (4)
Scrolls
 n - 3 scrolls of enchant weapon
 o - 2 scrolls of blinking
 y - 3 scrolls of teleportation
 A - a scroll of magic mapping
 C - a scroll of fear
Potions
 v - a potion of brilliance
 z - a potion of berserk rage {unknown}
 B - a potion of cancellation
 F - a potion of might


   Skills:
 + Level 3.7 Fighting
 - Level 1.7 Throwing
 + Level 5.9 Armour
 + Level 4.2 Dodging
 - Level 5.0 Shields
 * Level 9.7 Unarmed Combat
 - Level 1.0 Spellcasting
 - Level 0.4 Hexes
 - Level 0.6 Ice Magic
 - Level 0.4 Air Magic
 + Level 0.2 Evocations


You had 2 spell levels left.
You knew the following spells:

 Your Spells              Type           Power      Damage    Failure   Level
a - Frozen Ramparts       Ice            6%         1d2       100%        3
b - Silence               Hex/Air        1%         N/A       100%        5

Your spell library contained the following spells:

 Spells                   Type           Power      Damage    Failure   Level
 Freeze                   Ice            12%        1d4       99%         1
 Foxfire                  Conj/Fire      0%         2x1d4     100%        1
 Conjure Flame            Conj/Fire      0%         6-21      100%        3
 Dazzling Flash           Conj/Hex       2%         N/A       100%        3
 Inner Flame              Hex/Fire       1%         N/A       100%        3
 Flame Wave               Conj/Fire      0%         2d4       100%        4
 Hailstorm                Conj/Ice       2%         3d3       100%        4
 Summon Ice Beast         Ice/Summ       2%         N/A       100%        4
 Agony                    Necr           0%         N/A       100%        5
 Summon Mana Viper        Hex/Summ       1%         N/A       100%        5
 Monstrous Menagerie      Summ           0%         N/A       100%        7


Dungeon Overview and Level Annotations

Branches:
Dungeon (9/15)             Temple (0/1) D:7           Sewer (visited)
   Lair: D:8-11         Orc: D:9-12

Shops:
D:3 =   D:9 *

Annotations:
D:3 1 runed translucent door, GloriousHammer's ghost, amateur HOFi
D:8 1 runed translucent door, terff's ghost, novice DsFi


Innate Abilities, Weirdness & Mutations

You have an increased reservoir of magic. (+10% MP)
You shall have no god before yourself.
Your divine heritage dramatically boosts your attributes as you level up.


Message History

You feel yourself speed up.
You feel very sick. The hornet closely misses you.
The acid dragon bites you but does no damage.
The acid dragon misses you.
The hornet stings you but does no damage.
The acid dragon barely misses you. x2
You hit the hornet.
The hornet is severely wounded.
You feel sick. The hornet stings you.
* * * LOW HITPOINT WARNING * * *
You are more poisoned.
You suddenly lose the ability to move!
You feel very sick.
The hornet stings you but does no damage.
The acid dragon bites you!
* * * LOW HITPOINT WARNING * * *
The acid dragon claws you but does no damage.
The hornet stings you!
* * * LOW HITPOINT WARNING * * *
You are lethally poisoned!
You feel yourself slow down.
A howler monkey zombie comes into view.
You feel yourself speed up.
* * * LOW HITPOINT WARNING * * *
You feel very sick. The hornet stings you.
* * * LOW HITPOINT WARNING * * *
You feel yourself slow down.
The acid dragon bites you but does no damage.
The acid dragon barely misses you.
You can move again.
You feel better. You block the hornet's attack.
The acid dragon spits acid at you. The splash of acid hits you. You resist.
* * * LOW HITPOINT WARNING * * *
The hornet stings you!
* * * LOW HITPOINT WARNING * * *
You shrug off the repeated paralysis!
The acid dragon bites you!
You die...

###..............##..#..#
#........#..............#.
.#..#....#.#..............
.##.#....###..............
..........................
............##.......!....
............ ###..........
........##.. ##y....#..>
.........##. #@)....# .#
...........).....D.......#
.........................
.........................
.........................
..#.............Z...>....
..##......##.............
......##. .............
......#


You could see a hornet, an acid dragon (catching breath) and a howler monkey
zombie.

Vanquished Creatures
  A two-headed ogre (D:6)
  Pikel (D:6)
  2 hornets
  A wyvern (D:8)
  2 water moccasins (D:7)
  An orc warrior (D:7)
  A necrophage (D:5)
  2 ogres
  2 black bears (D:7)
  3 lemures
  2 phantoms (D:5)
  2 centaurs
  4 bullfrogs
  A gnoll sergeant (D:7)
  A water moccasin zombie (D:7)
  3 scorpions
  2 howler monkeys
  3 electric eels (D:8)
  A centaur zombie (D:8)
  A bullfrog zombie (D:5)
  A hound (D:5)
  4 centaur skeletons
  A gnoll shaman (D:8)
  An iguana (D:5)
  2 orc wizards
  A killer bee zombie (D:5)
  6 gnolls
  2 river rats (D:3)
  14 adders
  2 shadow imps (D:7)
  An ufetubus (D:6)
  2 adder skeletons (D:4)
  4 worms (D:2)
  2 dart slugs
  16 orcs
  5 bats
  7 endoplasms
  10 giant cockroaches
  6 goblins
  10 hobgoblins
  11 quokkas
  14 ball pythons
  6 frilled lizards
  9 kobolds
  8 rats
181 creatures vanquished.

Vanquished Creatures (others)
  4 fungi (D:6)
  5 plants (D:8)
9 creatures vanquished.

Grand Total: 190 creatures vanquished

Notes
Turn   | Place    | Note
-------+----------+-------------------------------------------
     0 | D:1      | pkoi the Demigod Gladiator began the quest for the Orb.
     0 | D:1      | Reached XP level 1. HP: 17/17 MP: 3/3
   208 | D:1      | Reached skill level 3 in Unarmed Combat
   356 | D:1      | Reached XP level 2. HP: 22/24 MP: 4/4
  1328 | D:2      | Reached XP level 3. HP: 22/29 MP: 5/5
  2048 | D:2      | Reached skill level 4 in Unarmed Combat
  3284 | D:2      | Reached XP level 4. HP: 36/36 MP: 6/6
  3332 | D:2      | Reached skill level 1 in Armour
  3567 | D:3      | Reached skill level 1 in Shields
  3672 | D:3      | Found a glowing drain.
  3705 | Sewer    | Entered a sewer
  4282 | Sewer    | Noticed a bullfrog
  4282 | Sewer    | Noticed a bullfrog
  4295 | Sewer    | Killed a bullfrog
  4296 | Sewer    | Reached XP level 5. HP: 10/41 MP: 7/7
  4302 | Sewer    | Reached skill level 5 in Unarmed Combat
  5065 | D:3      | Learned a level 3 spell: Frozen Ramparts
  5071 | D:3      | Found a runed translucent door.
  5072 | D:3      | Noticed GloriousHammer's ghost (amateur HOFi)
  5398 | D:3      | Found Mophoila's Jewellery Shop.
  5831 | D:4      | You fall into a shaft and drop 2 floors!
  5831 | D:6      | Noticed an ogre
  5838 | D:6      | Killed an ogre
  5839 | D:6      | Reached XP level 6. HP: 31/48 MP: 7/9
  7183 | D:5      | Entered Level 5 of the Dungeon
  7237 | D:4      | Reached skill level 6 in Unarmed Combat
  7410 | D:4      | Reached XP level 7. HP: 46/55 MP: 10/10
  7674 | D:4      | Identified the +5 cloak of Negation {*Corrode Str+4}
  8296 | D:3      | Bought a ring of resist corrosion for 200 gold pieces
  8732 | D:5      | Reached skill level 7 in Unarmed Combat
  9400 | D:5      | Reached XP level 8. HP: 53/61 MP: 11/11
  9857 | D:6      | Noticed a two-headed ogre
  9889 | D:6      | Killed a two-headed ogre
  9890 | D:6      | Reached skill level 8 in Unarmed Combat
 10625 | D:7      | Found a staircase to the Ecumenical Temple.
 10671 | D:7      | Reached skill level 5 in Shields
 10877 | D:7      | Reached skill level 5 in Armour
 10999 | D:7      | Noticed Pikel
 11061 | D:6      | Killed Pikel
 11062 | D:6      | Reached skill level 9 in Unarmed Combat
 11062 | D:6      | Reached XP level 9. HP: 45/68 MP: 12/12
 12594 | D:7      | Learned a level 5 spell: Silence
 12938 | D:8      | Found a runed translucent door.
 12993 | D:8      | Reached skill level 1 in Spellcasting
 13889 | D:8      | Noticed terff's ghost (novice DsFi)
 14018 | D:9      | Found Wiufol's Changing Room.
 14074 | D:9      | Paralysed by a hornet for 2 turns
 14077 | D:9      | Slain by an acid dragon

Illustrated notes

Levels and vault maps discovered:
D:1:      scummos_arrival_checkerplants, layout_loops_ring, serial_glass,
          glass_columns_b, glass_columns_c,
          shapermc_ecumenical_altar_totnotflames
D:2:      layout_loops_ring, grunt_ministairs_1
D:3:      layout_loops_corners, gup_sewer_entry_spiral,
          ebering_ghost_inner_flame, serial_shops, nicolae_shop_behind_doors
D:4:      layout_basic, grunt_decor_fettered
D:5:      layout_basic
D:6:      layout_basic, serial_aquarium, aquarium_bridge_square
          [aquarium_subvault_bridge, aquarium_subvault_balcony,
          aquarium_subvault_bridge, aquarium_subvault_balcony],
          aquarium_bridge_square [aquarium_subvault_bridge,
          aquarium_subvault_bridge, aquarium_subvault_window,
          aquarium_subvault_bridge], aquarium_window_2, aquarium_window_1,
          aquarium_view_2d, aquarium_pool_2
D:7:      layout_basic, temple_green, uniq_pikel
D:8:      layout_cave_pools, ebering_ghost_reflecting_pool, serial_bayou_lake_a
D:9:      layout_cave_pools, nicolae_transmutations_shop

Skill      XL: |  1  2  3  4  5  6  7  8  9 |
---------------+----------------------------+-----
Unarmed Combat | 3 4 5 6 7 9 |  9.7
Fighting       | 2 3 |  3.7
Armour         | 1 2 3 5 |  5.9
Shields        | 1 2 4 5 |  5.0
Dodging        | 3 4 |  4.2
Spellcasting   | 1 |  1.0
Throwing       | |  1.7
Hexes          | |  0.4
Ice Magic      | |  0.6
Air Magic      | |  0.4
Evocations     | |  0.2

Action                   |  1- 3 |  4- 6 |  7- 9 || total
-------------------------+-------+-------+-------++-------
Melee: Unarmed           |   224 |   260 |   429 ||   913
       Punch             |     1 |       |       ||     1
Throw: Dart              |       |    13 |    29 ||    42
       Throwing net      |       |     2 |     1 ||     3
Evoke: Wand              |       |     6 |    14 ||    20
  Use: Scroll            |     1 |     2 |     8 ||    11
       Potion            |       |     1 |     6 ||     7
 Stab: Sleeping          |     2 |       |       ||     2
       Held in net/web   |       |     1 |     1 ||     2
Armor: Leather armour    |    17 |       |       ||    17
       Ring mail         |    44 |    75 |    76 ||   195
       Plate armour      |       |       |   170 ||   170
Dodge: Dodged            |    86 |   111 |   195 ||   392
Block: Buckler           |     9 |    47 |   120 ||   176
